 Dungeon Crawl Stone Soup version 0.25.1-2-g60ff931df9 (webtiles) character file.

Game seed: 1079222063647798040

15329 DildoBatman the Fighter (level 12, -21/96 HPs)
             Began as a Formicid Wizard on Sept 14, 2020.
             Was an Elder of Kikubaaqudgha.
             Shot with a bolt by a yaktaur captain (26 damage)
             ... on level 12 of the Dungeon.
             The game lasted 01:07:58 (14196 turns).

DildoBatman the Fighter (Formicid Wizard)          Turns: 14196, Time: 01:07:58

Health: -21/96     AC: 16    Str: 11    XL:     12   Next: 56%
Magic:  20/20      EV: 18    Int: 24    God:    Kikubaaqudgha [****..]
Gold:   705        SH:  5    Dex:  9    Spells: 6/22 levels left

rFire    + . .     SeeInvis +   a - +0 dagger (venom)
rCold    x . .     Gourm    .   h - +0 buckler
rNeg     . . .     Faith    .   o - +3 troll leather armour {Purgy}
rPois    +         Spirit   .   (helmet unavailable)
rElec    .         Reflect  .   K - +2 cloak {rPois}
rCorr    .         Harm     .   y - +0 pair of gloves
MR       +....                  w - +1 pair of boots
Stlth    ++........             (no amulet)
HPRegen  0.66/turn              Z - ring of fire
MPRegen  0.17/turn              I - +4 ring of evasion

@: no status effects
A: permanent stasis, dig shafts and tunnels, four strong arms, antennae 3
a: Dig, Shaft Self, Receive Corpses, Renounce Religion


You were on level 12 of the Dungeon.
You worshipped Kikubaaqudgha.
Kikubaaqudgha was greatly pleased with you.
You were not hungry.

You visited 2 branches of the dungeon, and saw 13 of its levels.
You also visited: Ossuary.

You collected 719 gold pieces.
You spent 14 gold pieces at shops.

Inventory:

Hand Weapons
 a - a +0 dagger of venom (weapon)
 b - a +4 spear
 c - a +0 hunting sling
 d - a +4 mace of protection
 e - a +1 long sword of holy wrath
 n - a +0 whip of electrocution
 Y - a +1 scimitar of flaming
Missiles
 g - 84 sling bullets
 i - 287 arrows
 j - 35 poisoned darts (quivered)
 k - 2 throwing nets
 q - 67 bolts
 u - 373 stones
 M - 3 curare-tipped darts
 U - 6 atropa-tipped darts
Armour
 h - a +0 buckler (worn)
 o - a +3 troll leather armour (worn) {Purgy}
 w - a +1 pair of boots (worn)
 y - a +0 pair of gloves (worn)
 K - a +2 cloak of poison resistance (worn)
 L - a scarf of resistance
Magical Staves
 W - an uncursed staff of wizardry
Jewellery
 f - an uncursed ring of wizardry
 r - an uncursed ring of protection from cold
 I - a +4 ring of evasion (right hand)
 Z - a ring of fire (left hand)
Wands
 A - a wand of iceblast (12)
 H - a wand of disintegration (8)
 V - a wand of flame (5)
Scrolls
 m - a scroll of amnesia {unknown}
 p - a scroll of immolation {unknown}
 t - a scroll of enchant weapon {unknown}
 x - 4 scrolls of remove curse
 z - 7 scrolls of identify
 C - 2 scrolls of magic mapping
 F - a scroll of brand weapon {unknown}
 J - a scroll of acquirement {unknown}
 P - 3 scrolls of fear {unknown}
 Q - a scroll of vulnerability {unknown}
 S - a scroll of enchant armour
Potions
 l - a potion of invisibility
 B - a potion of might {unknown}
 D - a potion of berserk rage {unknown}
 E - 2 potions of lignification
 G - 2 potions of brilliance
 N - a potion of resistance {unknown}
 O - a potion of mutation {unknown}
 R - a potion of ambrosia {unknown}
 T - 2 potions of degeneration {unknown}
 X - 2 potions of curing
Comestibles
 v - 20 rations


   Skills:
 - Level 9.5 Fighting
 - Level 9.5 Armour
 - Level 7.0 Dodging
 - Level 2.4 Stealth
 - Level 5.5 Shields
 - Level 5.6 Spellcasting
 - Level 6.0 Conjurations
   Level 1.0 Summonings
 - Level 3.1 Necromancy
   Level 0.8 Translocations
 - Level 5.0 Fire Magic
 - Level 5.0 Air Magic
 * Level 4.5 Evocations


You had 6 spell levels left.
You knew the following spells:

 Your Spells              Type           Power        Failure   Level  Hunger
a - Conjure Flame         Conj/Fire      #####...     3%          3    #......
c - Magic Dart            Conj           ####         1%          1    None
d - Vampiric Draining     Necr           ###.......   9%          3    #......
e - Mephitic Cloud        Conj/Pois/Air  ###.....     7%          3    #......
h - Dispel Undead         Necr           ###.....     28%         4    ###....
z - Sublimation of Blood  Necr           ###.......   4%          2    None

Your spell library contained the following spells:

 Spells                   Type           Power        Failure   Level  Hunger
 Animate Skeleton         Necr           N/A          2%          1    None
 Pain                     Necr           ###.         2%          1    None
 Corpse Rot               Necr/Air       N/A          3%          2    None
 Call Imp                 Summ           ##......     10%         2    None
 Slow                     Hex            #.......     16%         2    None
 Animate Dead             Necr           N/A          28%         4    ###....
 Agony                    Necr           ###.....     61%         5    #####..
 Excruciating Wounds      Chrm/Necr      ##........   83%         5    #####..
 Simulacrum               Ice/Necr       ##........   100%        6    ######.
 Blink                    Tloc           Unusable     N/A         2    N/A

Dungeon Overview and Level Annotations

Branches:
Dungeon (12/15)            Temple (1/1) D:5            Lair (0/6) D:8
    Orc (0/2) D:12        Ossuary (visited)

Altars:
Ashenzari
Cheibriados
Dithmenos
Elyvilon
Fedhas
Gozag
Hepliaklqana
Kikubaaqudgha
Makhleb
Nemelex Xobeh
Okawaru
Qazlal
Ru
Sif Muna
Trog
Uskayaw
Vehumet
Wu Jian
Xom
Yredelemnul
Zin
The Shining One

Shops:
D:2 *   D:10 ?

Annotations:
D:3 3 runed translucent doors, lllmatko's ghost, weakling MiBe
D:4 2 transporters, 1 exclusion, DildoBatman's ghost, amateur FoWz
D:8 Gastronok
D:9 1 runed translucent door, exclusion: angel
D:12 Azrael


Innate Abilities, Weirdness & Mutations

You cannot be hasted, slowed, berserked, paralysed or teleported.
You can dig through walls and to a lower floor.
Your four strong arms can wield two-handed weapons with a shield.
You have a pair of large antennae on your head. (SInv)


Message History

The damnation engulfs you!!!
Things that are here:
a +0 shortbow x2
You see here a +0 shortbow.
There is an open door here.
Azrael howls in rage.
Azrael gestures at you.
The sphere of damnation explodes!
The damnation engulfs you!
You hear a shout!
You hear two shouts!
Things that are here:
a +0 chain mail a +0 whip a +0 robe a +0 dagger The yaktaur captain shoots a bolt.
The bolt hits you!!
You die...
Kikubaaqudgha rasps: "You have failed me!
Welcome... death!"

#....○.# #...........[....
#.....○## #................
#....≈.R## #.......###).'...
#..<.≈.#.## #.....c....###...
#......##.## #..........#.....
#.......##.## #.[....#.#.#.####
#......#.##W###<.....'.#.......
###'#####.##.##......###......#
#.#........[@.####[.........#
###.#......#.##)# #.######[..#
#...#......#.##.# #.######..##
#.#.#......'.##.# #.........#
#..........####.# ########.##
###...........(.# #)###
#.#.......##### #....
#.#.......# ####> #........##
#..<


You could see Azrael, a yaktaur captain and a phantom.

Vanquished Creatures
  Snorg (D:12)
  Erica (D:8)
  A two-headed ogre (D:9)
  An unseen horror (D:12)
  Pikel (D:8)
  A wolf spider zombie (D:12)
  A cyclops (D:12)
  A deep elf mage (D:12)
  An ugly thing (D:11)
  Psyche (D:12)
  3 trolls
  A hippogriff (D:12)
  4 slime creatures
  A spriggan (D:8)
  16 yaks
  3 fire elementals
  Grum (D:8)
  A hungry ghost (D:12)
  2 wargs (D:8)
  A soldier ant (D:11)
  Purgy (D:2)
  4 hell hounds
  4 orc warriors
  A phantom (D:6)
  5 ice beasts
  3 sky beasts
  4 slaves (D:8)
  6 ogres
  6 centaurs
  4 wolves (D:8)
  A gnoll sergeant (D:11)
  2 bullfrogs
  A water moccasin zombie (D:6)
  A scorpion (D:5)
  4 killer bees (D:10)
  8 wights (D:8)
  8 howler monkeys
  2 electric eels (D:12)
  7 crimson imps
  A bullfrog zombie (D:5)
  A centaur zombie (D:8)
  12 orc wizards
  4 bullfrog skeletons
  7 orc priests
  6 hounds
  2 jellies
  Crazy Yiuf (D:4)
  Terence (D:2)
  Ijyb (D:3)
  5 iguanas
  9 worker ants
  2 hound zombies
  A hound skeleton (D:7)
  3 mummies (Ossuary)
  Robin (D:1)
  A worker ant zombie (D:11)
  10 gnolls
  7 adders
  3 shadow imps
  2 oozes
  4 adder zombies
  An adder skeleton (D:6)
  3 worms
  A dart slug (D:1)
  3 leopard geckos
  28 orcs
  9 bats
  5 giant cockroaches
  12 goblins
  8 hobgoblins
  17 jackals
  7 quokkas
  A ball python (D:8)
  8 frilled lizards
  4 goblin zombies (Ossuary)
  A hobgoblin zombie (Ossuary)
  5 kobolds
  2 kobold zombies (Ossuary)
  A leopard gecko skeleton (D:4)
  An orc zombie (Ossuary)
  4 quokka zombies (Ossuary)
  6 rats
  3 rat zombies (Ossuary)
329 creatures vanquished.

Vanquished Creatures (others)
  An ogre (D:5)
  An electric eel (D:12)
  An orc wizard (D:12)
  An adder (D:12)
4 creatures vanquished.

Grand Total: 333 creatures vanquished

Notes
Turn   | Place    | Note
-------+----------+-------------------------------------------
     0 | D:1      | DildoBatman the Formicid Wizard began the quest for the
                  | Orb.
     0 | D:1      | Reached XP level 1. HP: 13/13 MP: 4/4
    46 | D:1      | Reached skill level 1 in Conjurations
   322 | D:1      | Reached XP level 2. HP: 19/19 MP: 0/6
   823 | D:1      | Reached XP level 3. HP: 17/24 MP: 0/7
  1404 | D:2      | You fall into a shaft and drop 1 floor!
  1458 | D:3      | Noticed Purgy
  1497 | D:3      | Found a runed translucent gate.
  1497 | D:3      | Found a runed translucent gate.
  1497 | D:3      | Found a runed translucent gate.
  1498 | D:3      | Found an opulent altar of Gozag.
  1634 | D:2      | Reached XP level 4. HP: 30/30 MP: 0/8
  1707 | D:2      | Learned a level 3 spell: Conjure Flame
  1711 | D:2      | Learned a level 3 spell: Mephitic Cloud
  2194 | D:2      | Found Zin's Purification Station.
  2196 | D:2      | Found a glowing silver altar of Zin.
  2396 | D:3      | Reached XP level 5. HP: 35/35 MP: 4/9
  2396 | D:3      | Noticed Robin
  2523 | D:3      | Noticed lllmatko's ghost (weakling MiBe)
  2529 | D:3      | Noticed a bullfrog
  2733 | D:3      | Noticed Ijyb
  2886 | D:3      | Noticed Terence
  3420 | D:3      | Found a white marble altar of Elyvilon.
  3663 | D:4      | Found a transporter.
  3664 | D:4      | Found a transporter.
  3664 | D:4      | Noticed DildoBatman's ghost (amateur FoWz)
  3666 | D:4      | Noticed an ogre
  3675 | D:4      | Noticed an ogre
  3751 | D:4      | Reached skill level 1 in Fire Magic
  3783 | D:4      | Found a sand-covered staircase.
  3832 | D:4      | Reached XP level 6. HP: 37/41 MP: 6/10
  3939 | Ossuary  | Entered an ossuary
  4365 | D:4      | Noticed an ogre
  4576 | D:4      | Noticed an ogre
  4601 | D:4      | Killed an ogre
  4601 | D:4      | Reached skill level 5 in Conjurations
  4601 | D:4      | Reached skill level 1 in Air Magic
  4601 | D:4      | Reached XP level 7. HP: 46/46 MP: 3/11
  4763 | D:4      | Found a runed translucent door.
  4764 | D:4      | Noticed Crazy Yiuf
  4998 | D:5      | Entered Level 5 of the Dungeon
  5060 | D:5      | Found a staircase to the Ecumenical Temple.
  5066 | Temple   | Entered the Ecumenical Temple
  5323 | Temple   | Became a worshipper of Kikubaaqudgha
  5574 | D:3      | Killed Ijyb
  5630 | D:2      | Killed Terence
  5660 | D:1      | Killed Robin
  5808 | D:2      | Killed Purgy
  5901 | D:4      | Killed Crazy Yiuf
  6003 | D:5      | Reached XP level 8. HP: 50/52 MP: 6/12
  6247 | D:5      | Reached skill level 5 in Fire Magic
  6550 | D:5      | Reached * piety under Kikubaaqudgha
  6550 | D:5      | Identified Kikubaaqudgha's Collected Works on Black Secrets
                  | (Kikubaaqudgha gifted it to you on level 5 of the Dungeon)
  6550 | D:5      | Received a gift from Kikubaaqudgha
  6736 | D:6      | Reached skill level 5 in Air Magic
  6736 | D:6      | Reached XP level 9. HP: 56/58 MP: 6/13
  6821 | D:6      | Learned a level 2 spell: Sublimation of Blood
  6825 | D:6      | Learned a level 3 spell: Vampiric Draining
  6885 | D:6      | Reached skill level 1 in Fighting
  6885 | D:6      | Reached skill level 1 in Armour
  7347 | D:6      | Found an opulent altar of Gozag.
  7923 | D:7      | Got a jewelled whip
  7924 | D:7      | Identified the cursed +1 whip "Acaistrea" {holy, Str+2}
                  | (You found it on level 7 of the Dungeon)
  8224 | D:8      | Noticed Grum
  8296 | D:8      | Killed Grum
  8311 | D:8      | Noticed Gastronok
  8362 | D:8      | Identified the +0 trident of Ojimmup {vorpal, +Fly}
  8369 | D:7      | HP: 1/65 [warg (12)]
  8375 | D:7      | You fall into a shaft and drop 1 floor!
  8517 | D:8      | Reached ** piety under Kikubaaqudgha
  8683 | D:8      | Reached XP level 10. HP: 73/73 MP: 9/14
  8721 | D:8      | Reached skill level 5 in Fighting
  8721 | D:8      | Reached skill level 5 in Armour
  8831 | D:8      | Found a staircase to the Lair.
  8901 | D:8      | Reached skill level 5 in Dodging
  9382 | D:8      | Noticed Pikel
  9425 | D:8      | Killed Pikel
  9581 | D:8      | Noticed Erica
  9593 | D:8      | Killed Erica
  9627 | D:8      | Found a basalt altar of Yredelemnul.
 10004 | D:9      | Found a runed translucent door.
 10005 | D:9      | Found a white marble altar of Elyvilon.
 10005 | D:9      | Noticed an angel
 10215 | D:9      | Noticed a two-headed ogre
 10302 | D:9      | Killed a two-headed ogre
 10302 | D:9      | Reached XP level 11. HP: 84/84 MP: 2/15
 10613 | D:10     | Entered Level 10 of the Dungeon
 10812 | D:10     | Reached *** piety under Kikubaaqudgha
 10812 | D:10     | Identified Kikubaaqudgha's Disquisition on Evil Magic
                  | (Kikubaaqudgha gifted it to you on level 10 of the Dungeon)
 10812 | D:10     | Received a gift from Kikubaaqudgha
 11075 | D:10     | Got a smelly ring mail
 11163 | D:10     | Identified the +4 ring mail of Veshafoe {Dex+2} (You found
                  | it on level 10 of the Dungeon)
 11199 | D:10     | Found Lestroik's Magic Scroll Emporium.
 11207 | D:10     | Bought a scroll of random uselessness for 14 gold pieces
 11877 | D:11     | Reached skill level 1 in Shields
 12227 | D:12     | Noticed Psyche
 12238 | D:12     | Killed Psyche
 12337 | D:12     | Noticed a green ugly thing
 12392 | D:11     | Killed a green ugly thing
 12499 | D:12     | Reached skill level 1 in Necromancy
 12553 | D:12     | Reached **** piety under Kikubaaqudgha
 12593 | D:12     | Noticed a cyclops
 12758 | D:12     | Killed a cyclops
 12758 | D:12     | Reached skill level 5 in Spellcasting
 12758 | D:12     | Reached XP level 12. HP: 74/95 MP: 14/19
 12812 | D:12     | Noticed Azrael
 13063 | D:12     | Noticed Snorg
 13078 | D:12     | Killed Snorg
 13089 | D:12     | Reached skill level 5 in Shields
 13515 | D:12     | Learned a level 4 spell: Dispel Undead
 13532 | D:12     | Found a staircase to the Orcish Mines.
 13855 | D:12     | Reached skill level 1 in Evocations
 13963 | D:12     | Noticed an ettin
 13991 | D:12     | Identified the +8 battleaxe "Ant's Peril" {freeze, +Fly
                  | Str+6}
 13991 | D:12     | Noticed a yaktaur captain
 13991 | D:12     | Noticed an unseen horror
 14009 | D:12     | Killed an unseen horror
 14193 | D:12     | HP: 3/96 [Azrael/damnation (17)]
 14196 | D:12     | Shot with a bolt by a yaktaur captain

Illustrated notes

Levels and vault maps discovered:
D:1:      lemuel_arrival_behind_the_door_large, layout_basic
D:2:      layout_basic, zin_purify
D:3:      layout_basic, marbit_many_paths, ebering_ghost_gozag, st_stairs_14,
          uniq_robin, uniq_terence, uniq_ijyb, uniq_purgy
D:4:      layout_gridville, gammafunk_ghost_smash,
          nicolae_ossuary_entry_monument, uniq_crazy_yiuf_cottage
D:5:      layout_rooms, minmay_temple_entry_enclosed_plants, first_ration
D:6:      layout_loops_ring, lemuel_crystal_altar, chequers_arboretum
D:7:      layout_rooms
D:8:      layout_layer_cave, old_standard_altar, erik_lair_orcish_takeover,
          the_bakery, uniq_gastronok, uniq_pikel, uniq_erica, uniq_grum
D:9:      layout_loops_ring, hangedman_decor_peaks_small, lemuel_angel_altar
D:10:     layout_layer_cave, serial_shops, shop
D:11:     layout_irregular_city, hangedman_abyss_or_decor_stabs
D:12:     cross_vault, layout_basic, erik_orc_4, uniq_psyche, uniq_azrael,
          uniq_snorg
Temple:   dpeg_five_rooms_temple

Skill      XL: |  1  2  3  4  5  6  7  8  9 10 11 12 |
---------------+-------------------------------------+-----
Conjurations   | 1 2 3 4 5 6 |  6.0
Fire Magic     | 1 3 4 5 |  5.0
Air Magic      | 1 2 5 |  5.0
Fighting       | 4 7 9 |  9.5
Armour         | 4 7 9 |  9.5
Dodging        | 4 6 7 |  7.0
Spellcasting   | 5 |  5.6
Shields        | 4 5 |  5.5
Necromancy     | 1 3 |  3.1
Evocations     | 4 |  4.5
Stealth        | |  2.4
Summonings     | |  1.0
Translocations | |  0.8

Action                   |  1- 3 |  4- 6 |  7- 9 | 10-12 || total
-------------------------+-------+-------+-------+-------++-------
Melee: Club              |    13 |     5 |       |       ||    18
       Falchion          |       |    65 |    81 |       ||   146
       Dagger            |       |    13 |   190 |   486 ||   689
       Halberd           |       |       |    25 |       ||    25
       Whip              |       |       |    28 |    51 ||    79
       Trident           |       |       |     7 |    30 ||    37
       Spear             |       |       |       |    82 ||    82
       Long sword        |       |       |       |    97 ||    97
       Mace              |       |       |       |    16 ||    16
 Fire: Hunting sling     |       |    10 |    20 |    24 ||    54
Throw: Dart              |       |       |     1 |       ||     1
 Cast: Magic Dart        |    67 |   151 |    35 |    57 ||   310
       Mephitic Cloud    |       |     3 |    31 |    52 ||    86
       Conjure Flame     |       |     5 |    25 |    54 ||    84
       Dispel Undead     |       |       |       |     1 ||     1
       Sublimation of Bl |       |       |       |     1 ||     1
 Abil: Dig               |       |    16 |    24 |    23 ||    63
       Shaft Self        |       |       |     1 |       ||     1
Evoke: Wand              |       |     6 |     1 |     4 ||    11
  Use: Scroll            |       |     4 |    11 |     1 ||    16
       Potion            |       |     4 |     1 |     1 ||     6
 Stab: Sleeping          |       |     2 |     1 |     2 ||     5
       Paralysed         |       |     7 |       |     4 ||    11
       Confused          |       |       |     9 |    19 ||    28
  Eat: Chunk             |     2 |    11 |    19 |    28 ||    60
       Ration            |       |       |     1 |       ||     1
Armor: Robe              |     7 |    46 |     3 |       ||    56
       Troll leather arm |       |       |    92 |   219 ||   311
Dodge: Dodged            |    24 |   139 |   230 |   523 ||   916
Block: Buckler           |       |       |       |    62 ||    62
       Rpst.: Falchion   |       |    34 |     9 |       ||    43
       Long sword        |       |       |       |    28 ||    28
